 Dungeon Crawl Stone Soup version 0.31.0-9-g3a7656b989 (webtiles) character file.

Game seed: 14536607021688181999

58 qw the Shooter (level 3, -1/20 HPs)
             Began as a Deep Elf Hunter on Feb 2, 2024.
             Slain by a gnoll
             ... wielding a +0 whip
              (5 damage)
             ... on level 2 of the Dungeon.
             The game lasted 00:00:03 (845 turns).

qw the Shooter (Deep Elf Hunter)                     Turns: 845, Time: 00:00:03

Health: -1/20      AC:  6    Str: 10    XL:     3   Next: 75%
Magic:  5/5        EV: 11    Int: 13    God:
Gold:   99         SH:  0    Dex: 18    Spells: 2/2 levels left

rFire   . . .        a - +0 shortbow
rCold   . . .        (shield currently unavailable)
rNeg    + . .        k - +0 ring mail
rPois   .            (no helmet)
rElec   .            (no cloak)
rCorr   .            i - +0 pair of gloves
SInv    .            (no boots)
Will    .....        (no amulet)
Stlth   +            g - ring of positive energy
HPRegen 0.23/turn    (no ring)
MPRegen 0.09/turn

%: no passive effects
@: no status effects
A: no striking features
a: no special abilities


You were on level 2 of the Dungeon.
You visited 1 branch of the dungeon, and saw 2 of its levels.

You collected 99 gold pieces.


   Skills:
 - Level 1.5 Fighting
 + Level 7.2 Ranged Weapons
 - Level 2.4 Dodging
 - Level 1.2 Stealth


You had 2 spell levels left.
You didn't know any spells.
Your spell library was empty.

Inventory:

Hand Weapons
 a - a +0 shortbow (weapon)
Armour
 i - a +0 pair of gloves (worn)
 k - a +0 ring mail (worn)
Jewellery
 g - a ring of positive energy (left hand)
Scrolls
 b - a scroll of blinking {unknown}
Potions
 d - 2 potions of haste

Dungeon Overview and Level Annotations

Branches:
Dungeon (2/15)

Altars:


Message History

A gnoll comes into view. It is wielding a +0 whip.
You shoot an arrow. The arrow hits the gnoll.
The gnoll is heavily wounded.
You shoot an arrow. The arrow hits the gnoll!
You kill the gnoll!
The gnoll hits you but does no damage.
A gnoll comes into view.
It is wielding a +0 flail and quivering 2 throwing nets.
You shoot an arrow.
The arrow hits the gnoll but does no damage.
The gnoll barely misses you.
A gnoll comes into view. It is wielding a +0 whip.
You shoot an arrow. The arrow hits the gnoll!
The gnoll is severely wounded.
The gnoll hits you with a +0 whip.
837 ||| RETREEEEATING.
You shoot an arrow.
The arrow hits the gnoll but does no damage.
The gnoll is severely wounded.
The gnoll barely misses you. The gnoll hits you but does no damage.
839 ||| RETREEEEATING.
The gnoll attacks as it pursues you! The gnoll hits you with a +0 whip!
You shoot an arrow. The arrow barely misses the gnoll.
The arrow hits the gnoll but does no damage.
You shoot an arrow. The arrow closely misses the gnoll.
The arrow hits the gnoll but does no damage.
The gnoll is severely wounded.
The gnoll hits you with a +0 whip.
You shoot an arrow. The arrow barely misses the gnoll. x2
The gnoll hits you but does no damage.
You shoot an arrow. The arrow closely misses the gnoll.
The arrow hits the gnoll.
The gnoll is almost dead.
The gnoll hits you with a +0 whip.
You shoot an arrow. The arrow closely misses the gnoll.
The arrow completely misses the gnoll.
The gnoll barely misses you.
You shoot an arrow. The arrow hits the gnoll.
The gnoll is moderately wounded.
The gnoll hits you with a +0 whip.
You die...

#####################
#...gg@.............#
.......)##############'###
####.#... #......# # #..g.
#......' #..... #......#
##+#### #......# #...[..#
#####+#......#
..............


You could see 2 gnolls.

Vanquished Creatures
  A gnoll (D:2)
  3 dart slugs (D:1)
  6 bats
  4 endoplasms (D:1)
  2 giant cockroaches (D:1)
  3 goblins (D:1)
  3 hobgoblins
  6 jackals (D:1)
  A kobold (D:1)
  A quokka (D:1)
  3 ball pythons (D:1)
  A frilled lizard (D:1)
  3 rats
  A spectral hobgoblin (D:1)
38 creatures vanquished.

Notes
Turn   | Place    | Note
-------+----------+-------------------------------------------
     0 | D:1      | qw the Deep Elf Hunter began the quest for the Orb.
     0 | D:1      | Reached XP level 1. HP: 12/12 MP: 3/3
     0 | D:1      | 0 ||| qw: Version: 0.3-a-155-g5e7d8dd
     0 | D:1      | 0 ||| qw: Game counter: 515
     0 | D:1      | 0 ||| qw: Melee chars always use a shield: true
     0 | D:1      | 0 ||| qw: God list: Okawaru
     0 | D:1      | 0 ||| qw: Allow faded altars: false
     0 | D:1      | 0 ||| qw: Do Orc after clearing Dungeon:15 true
     0 | D:1      | 0 ||| qw: Do second Lair branch before Depths: true
     0 | D:1      | 0 ||| qw: Lair rune preference: random
     0 | D:1      | 0 ||| qw: Goals: Normal
     0 | D:1      | 0 ||| PLANNING D:1-11
    95 | D:1      | Reached skill level 6 in Ranged Weapons
    95 | D:1      | Reached XP level 2. HP: 11/16 MP: 4/4
   332 | D:1      | Reached XP level 3. HP: 20/20 MP: 5/5
   424 | D:1      | Found a faded altar of an unknown god.
   544 | D:1      | Reached skill level 7 in Ranged Weapons
   709 | D:1      | 709 ||| UPGRADING to +0 pair of gloves.
   714 | D:1      | 714 ||| UPGRADING to +0 ring mail.
   724 | D:1      | 724 ||| DROPPING +0 leather armour.
   725 | D:1      | 725 ||| UPGRADING to ring of positive energy.
   726 | D:1      | 726 ||| READING 2 scrolls labelled JITHOF VIRCHUOG.
   726 | D:1      | 726 ||| IDENTIFYING metallic cyan potion
   727 | D:1      | 727 ||| READING scroll of identify.
   727 | D:1      | 727 ||| IDENTIFYING 2 inky potions
   728 | D:1      | 728 ||| READING scroll labelled LAUXKU KIXOAS.
   729 | D:1      | 729 ||| READING scroll labelled ERIMER ISMIRR.
   730 | D:1      | 730 ||| READING scroll labelled PUSKEPN NUECE.
   731 | D:1      | 731 ||| DROPPING scroll of butterflies.
   732 | D:1      | 732 ||| DROPPING potion of brilliance.
   837 | D:2      | 837 ||| RETREEEEATING.
   839 | D:2      | 839 ||| RETREEEEATING.
   841 | D:2      | HP: 5/20 [gnoll/+0 whip (5)]
   845 | D:2      | Slain by a gnoll

Levels and vault maps discovered:
D:1:      enne_arrival_octagon_isle, layout_loops_cross,
          dreamdust_ecumenical_altar_drowned_temple, minmay_tetromino_s4
D:2:      layout_basic, basic_altar, amethyst_killhole

Skill      XL: |  1  2  3 |
---------------+----------+-----
Ranged Weapons | 6 7 |  7.2
Fighting       | |  1.5
Dodging        | |  2.4
Stealth        | |  1.2

Action                     || total
---------------------------++-------
   Fire: Shortbow          ||   103
    Use: Scroll            ||     5
 Armour: Leather armour    ||    18
         Ring mail         ||     9
  Dodge: Dodged            ||    22

Table legend:
 A = Non-vault XP
 B = Vault XP
 C = Vault XP percentage of total XP
 D = Non-vault monster count
 E = Vault monster count
 F = Vault count percentage of total count
                 A         B        C        D         E       F
            +---------+---------+-------+---------+---------+-------
      Total |      78 |       5 |   6.0 |      35 |       3 |   7.9
            +---------+---------+-------+---------+---------+-------
        D:1 |      60 |       5 |   7.7 |      31 |       3 |   8.8
        D:2 |      18 |       0 |   0.0 |       4 |       0 |   0.0
            +---------+---------+-------+---------+---------+-------
